 Dungeon Crawl Stone Soup version 0.21.1-1-g345015f (webtiles) character file.

1126 Lilu the Magician (level 8, -9/41 HPs)
             Began as a Deep Elf Fire Elementalist on July 22, 2018.
             Was an Initiate of Vehumet.
             Killed from afar by Rwicked's ghost (24 damage)
             ... with a stone arrow
             ... on level 6 of the Dungeon.
             The game lasted 00:49:08 (6066 turns).

Lilu the Magician (Deep Elf Fire Elementalist)      Turns: 6066, Time: 00:49:09

Health: -9/41      AC:  6    Str:  5    XL:     8   Next: 13%
Magic:  4/20       EV: 14    Int: 23    God:    Vehumet [......]
Gold:   329        SH:  0    Dex: 15    Spells: 8/21 levels left

rFire    . . .     SeeInvis .   n - staff of air
rCold    + . .     Gourm    .   (no shield)
rNeg     . . .     Faith    .   C - +2 animal skin
rPois    .         Spirit   .   l - +1 helmet
rElec    +         Reflect  .   (no cloak)
rCorr    .         Harm     .   (no gloves)
MR       .....                  (no boots)
Stlth    ++........             (no amulet)
HPRegen  0.13/turn              k - ring of protection from cold
MPRegen  0.17/turn              (no ring)

@: very slightly contaminated
A: no striking features
a: Renounce Religion


You were on level 6 of the Dungeon.
You worshipped Vehumet.
Vehumet was noncommittal.
You were not hungry.

You visited 2 branches of the dungeon, and saw 7 of its levels.

You collected 329 gold pieces.

Inventory:

Hand Weapons
 e - a +0 hunting sling
 q - a +0 falchion of slicing
 r - a +0 flail of protection
 s - a cursed -3 dagger
 x - a +0 hunting sling
 B - a cursed -2 dagger
 O - a +1 vampiric dagger
 P - a +0 quarterstaff
Missiles
 f - 133 stones (quivered)
 h - 64 sling bullets
 o - 3 throwing nets
 y - 83 arrows
 F - 5 needles of confusion
 L - 17 bolts
Armour
 a - a +0 robe
 l - a +1 helmet (worn)
 C - a +2 animal skin (worn)
 D - a +0 robe
Magical Staves
 n - an uncursed staff of air (weapon)
Jewellery
 k - a ring of protection from cold (left hand)
 H - an uncursed amulet of rage
 Q - a +3 ring of protection {unknown}
Wands
 E - a wand of iceblast (8)
 M - a wand of acid (11)
Scrolls
 i - 3 scrolls of fog {unknown}
 j - 6 scrolls of identify {unknown}
 m - 3 scrolls of teleportation {unknown}
 p - 4 scrolls of blinking {unknown}
 v - 2 scrolls of immolation {unknown}
 w - 4 scrolls of remove curse {unknown}
 G - a scroll of enchant armour {unknown}
 I - a scroll of enchant weapon {unknown}
 J - a scroll of amnesia {unknown}
Potions
 d - 2 potions of cancellation {unknown}
 g - a potion of magic {unknown}
 t - a potion of agility {unknown}
 u - a potion of berserk rage {unknown}
 z - 5 potions of curing {unknown}
 A - 2 potions of haste {unknown}
Books
 b - a book of Flames

   Spells                             Type                      Level
   a - Flame Tongue                   Conjuration/Fire             1
   b - Throw Flame                    Conjuration/Fire             2
   c - Conjure Flame                  Conjuration/Fire             3
   d - Inner Flame                    Hexes/Fire                   3
   e - Sticky Flame                   Conjuration/Fire             4
   f - Fireball                       Conjuration/Fire             5
 K - a book of Maledictions

   Spells                             Type                      Level
   a - Corona                         Hexes                        1
   b - Ensorcelled Hibernation        Hexes/Ice                    2
   c - Confuse                        Hexes                        3
   d - Tukima's Dance                 Hexes                        3
   e - Dazzling Spray                 Conjuration/Hexes            3
Comestibles
 c - 11 rations
 N - a chunk of flesh


   Skills:
 - Level 3.6 Dodging
 - Level 2.8 Stealth
 - Level 7.2 Spellcasting
 - Level 6.0 Conjurations
 * Level 2.8 Hexes
 + Level 6.2 Fire Magic


You had 8 spell levels left.
You knew the following spells:

 Your Spells              Type           Power        Failure   Level  Hunger
a - Flame Tongue          Conj/Fire      #####        1%          1    None
b - Sticky Flame          Conj/Fire      #####...     6%          4    ###....
c - Conjure Flame         Conj/Fire      #####...     1%          3    None
d - Throw Flame           Conj/Fire      #####.       1%          2    None
e - Tukima's Dance        Hex            ###.....     7%          3    None


Dungeon Overview and Level Annotations

Branches:
Dungeon (6/15)             Temple (1/1) D:4

Altars:
Ashenzari
Cheibriados
Elyvilon
Fedhas
Gozag
Hepliaklqana
Kikubaaqudgha
Nemelex Xobeh
Okawaru
Qazlal
Ru
Sif Muna
Trog
Vehumet
Wu Jian
Xom
Yredelemnul
Zin
The Shining One

Annotations:
D:6 Rwicked's ghost, novice GrEE


Message History

Aim: Rwicked's ghost (moderately damaged)
You miscast Sticky Flame.
You are very lightly contaminated with residual magic.
Nothing appears to happen.
Rwicked's ghost hits you but does no damage.
Casting: Sticky Flame
Confirm with . or Enter, or press ? or * to list all spells.
Aiming: Sticky Flame
Press: ? - help, Shift-Dir - straight line, f/p - Rwicked's ghost
Aim: Rwicked's ghost (moderately damaged)
The sticky flame hits Rwicked's ghost.
Rwicked's ghost appears unharmed.
Rwicked's ghost is moderately damaged.
Rwicked's ghost casts a spell at you. The blast of sand hits you!
Rwicked's ghost gestures at you while chanting.
The stone arrow hits you!
Rwicked's ghost points at you and mumbles some strange words.
The stone arrow hits you!
Ouch! That really hurt!
You die...

####### ##### #.....#
#...#####.###.#
#####.#...W...# ...
#......@......# .....
.....#.###.##.....#####
.... #.##...####### ..
#.......# ####...##
##.## #.# #.# #.#


You could see Rwicked's ghost.

Vanquished Creatures
  A meliai zombie (D:6)
  A water moccasin (D:6)
  The ghost of Greyaxe the Shield-Bearer, an amateur MiFi (D:3)
  A phantom (D:5)
  A bullfrog (D:6)
  2 scorpions (D:5)
  3 hounds
  3 orc wizards
  Jessica (D:3)
  2 iguanas
  2 worker ants
  Robin (D:4)
  7 gnolls
  3 adders
  2 adder zombies (D:5)
  4 worms
  2 dart slugs (D:1)
  3 leopard geckos
  9 orcs
  5 bats
  8 giant cockroaches
  12 goblins
  9 hobgoblins
  A quokka (D:2)
  A ball python (D:5)
  5 frilled lizards
  4 kobolds
  4 rats
98 creatures vanquished.

Notes
Turn   | Place    | Note
-------+----------+-------------------------------------------
     0 | D:1      | Lilu the Deep Elf Fire Elementalist began the quest for the Orb.
     0 | D:1      | Reached XP level 1. HP: 10/10 MP: 6/6
   222 | D:1      | Reached XP level 2. HP: 15/15 MP: 4/8
   830 | D:2      | Reached XP level 3. HP: 18/19 MP: 6/10
  1167 | D:2      | Reached skill level 4 in Spellcasting
  1167 | D:2      | Reached XP level 4. HP: 21/24 MP: 10/12
  1235 | D:2      | Learned a level 4 spell: Sticky Flame
  1799 | D:3      | Noticed Jessica
  1803 | D:3      | Killed Jessica
  1803 | D:3      | Reached XP level 5. HP: 28/28 MP: 11/14
  2291 | D:3      | Noticed Greyaxe's ghost (amateur MiFi)
  2392 | D:4      | Noticed Robin
  2454 | D:3      | Learned a level 3 spell: Conjure Flame
  2652 | D:4      | Killed Robin
  2768 | D:4      | Found a radiant altar of Vehumet.
  2771 | D:4      | Became a worshipper of Vehumet
  2909 | D:4      | Found a staircase to the Ecumenical Temple.
  2929 | Temple   | Entered the Ecumenical Temple
  3304 | D:4      | Reached skill level 5 in Spellcasting
  3304 | D:4      | Reached skill level 5 in Fire Magic
  3374 | D:4      | Reached XP level 6. HP: 32/32 MP: 4/15
  3630 | D:5      | Entered Level 5 of the Dungeon
  3747 | D:5      | Reached skill level 5 in Conjurations
  4262 | D:5      | Reached XP level 7. HP: 36/36 MP: 7/16
  4633 | D:5      | Found a hazy altar of Hepliaklqana.
  4633 | D:5      | Found a sparkling altar of Nemelex Xobeh.
  4688 | D:6      | Learned a level 2 spell: Throw Flame
  4696 | D:6      | Reached skill level 6 in Spellcasting
  4765 | D:6      | Found an opulent altar of Gozag.
  4789 | D:6      | Noticed Rwicked's ghost (novice GrEE)
  4944 | D:3      | Killed Greyaxe's ghost
  5588 | D:6      | Reached skill level 7 in Spellcasting
  5644 | D:6      | Learned a level 3 spell: Tukima's Dance
  5691 | D:6      | Reached skill level 1 in Hexes
  5691 | D:6      | Reached XP level 8. HP: 41/41 MP: 8/20
  6066 | D:6      | Killed from afar by Rwicked's ghost

Skill      XL: |  1  2  3  4  5  6  7  8 |
---------------+-------------------------+-----
Fire Magic     | 4 5 6 |  6.2
Spellcasting   | 4 5 7 |  7.2
Conjurations   | 2 3 5 6 |  6.0
Dodging        | 3 |  3.6
Hexes          | 1 2 |  2.8
Stealth        | |  2.8

Action                   |  1- 3 |  4- 6 |  7- 9 || total
-------------------------+-------+-------+-------++-------
Melee: Staff             |       |     3 |     1 ||     4
 Cast: Flame Tongue      |    53 |   113 |    70 ||   236
       Sticky Flame      |       |     1 |     5 ||     6
       Conjure Flame     |       |     5 |     8 ||    13
       Throw Flame       |       |       |     6 ||     6
       Tukima's Dance    |       |       |     2 ||     2
  Eat: Chunk             |     1 |     8 |     1 ||    10
       Ration            |       |     1 |     1 ||     2
Armor: Robe              |     2 |     5 |       ||     7
       Animal skin       |       |     2 |     7 ||     9
Dodge: Dodged            |    13 |    30 |    14 ||    57
